General information
- name: BNet
- type: Ladder team game (AT/RT)
- host: Battle.net
- saver: WesFSTGDB
map: GolemsInTheMist
- players: 8
- length: 17:41
- speed: Fast
- version: 1.26 W3XP
- replay type: Public
» download(115 KB)
Players
team 1 (winner)
WesFSTGDB (
teal | 117 APM | 2063 actions | 17:41)
1 Death Knight
1 Death Coil
5 Priestess of the Moon
3 Trueshot Aura
1 Scout
1 Searing Arrows
6 Tauren Chieftain
3 Endurance Aura
2 Shockwave
1 Reincarnation
» actions
| Assign group hotkey | 25 | |
| Basic commands | 516 | |
| Build / train | 108 | |
| ESC pressed | 5 | |
| Enter build submenu | 39 | |
| Enter hero's abilities submenu | 13 | |
| Right click | 546 | |
| Select / deselect | 536 | |
| Select group hotkey | 178 | |
| Use ability | 97 | |
2063 total
» units
| Acolyte | 2 | |
| Wisp | 13 | |
| Peon | 5 | |
| Huntress | 11 | |
| Grunt | 8 | |
| Archer | 3 | |
| Wind Rider | 13 | |
| Shaman | 6 | |
| Dryad | 4 | |
65 total
» upgrades
| Strength of the Moon | 1 | |
| Moon Armor | 1 | |
| Strength of the Wild | 1 | |
| Reinforced Hides | 1 | |
| Shaman Training | 2 | |
| Ensnare | 1 | |
| Envenomed Spears | 1 | |
| Abolish Magic | 1 | |
9 total
» buildings
| Moon Well | 5 | |
| Altar of Darkness | 1 | |
| Ziggurat | 1 | |
| Altar of Elders | 1 | |
| Altar of Storms | 2 | |
| Hunter's Hall | 1 | |
| Orc Burrow | 6 | |
| Nerubian Tower | 1 | |
| Ancient of War | 3 | |
| Barracks | 2 | |
| Stronghold | 3 | |
| Fortress | 3 | |
| Spirit Lodge | 1 | |
| Beastiary | 3 | |
| Tree of Ages | 1 | |
| Crypt | 1 | |
| Ancient of Lore | 2 | |
| Voodoo Lounge | 1 | |
| War Mill | 1 | |
39 total
» build order
00:31 Moon Well
00:34 Altar of Darkness
00:35 Ziggurat
00:58 Altar of Elders
01:04 Altar of Storms
01:12 Altar of Storms
01:21 Hunter's Hall
01:30 Orc Burrow
01:39 Nerubian Tower
02:09 Ancient of War
02:11 Ancient of War
02:15 Ancient of War
02:28 Barracks
02:36 Barracks
02:40 Orc Burrow
02:42 Orc Burrow
03:40 Moon Well
03:42 Moon Well
04:15 Moon Well
04:37 Stronghold
04:37 Stronghold
05:51 Orc Burrow
06:58 Fortress
06:58 Fortress
07:27 Spirit Lodge
07:55 Beastiary
07:57 Beastiary
07:59 Beastiary
08:26 Tree of Ages
08:50 Moon Well
10:12 Crypt
11:31 Ancient of Lore
11:33 Ancient of Lore
11:39 Orc Burrow
11:42 Orc Burrow
12:13 Voodoo Lounge
15:20 War Mill

»
JdBp (
purple | 50 APM | 892 actions | 17:39)
6 Archmage
3 Blizzard
2 Brilliance Aura
1 Mass Teleport
4 Mountain King
2 Storm Bolt
2 Bash
» actions
| Assign group hotkey | 25 | |
| Build / train | 73 | |
| Enter build submenu | 21 | |
| Enter hero's abilities submenu | 10 | |
| Give item / drop item | 1 | |
| Right click | 381 | |
| Select / deselect | 207 | |
| Select group hotkey | 114 | |
| Use ability | 60 | |
892 total
» units
| Peasant | 13 | |
| Footman | 12 | |
| Knight | 11 | |
36 total
» upgrades
| Defend | 1 | |
| Plating | 4 | |
| Swords | 2 | |
| Lumber Harvesting | 2 | |
| Animal War Training | 1 | |
| Masonry | 2 | |
12 total
» buildings
| Altar of Kings | 1 | |
| Farm | 8 | |
| Barracks | 2 | |
| Lumber Mill | 1 | |
| Scout Tower | 7 | |
| Arcane Vault | 1 | |
| Arcane Tower | 1 | |
| Blacksmith | 1 | |
| Keep | 1 | |
| Town Hall | 1 | |
| Castle | 1 | |
| Guard Tower | 6 | |
31 total
» build order
00:20 Altar of Kings
00:24 Farm
00:33 Barracks
00:58 Lumber Mill
01:30 Farm
01:51 Scout Tower
02:25 Farm
02:37 Arcane Vault
02:44 Arcane Tower
03:08 Farm
03:34 Blacksmith
04:32 Keep
04:46 Farm
06:05 Farm
06:23 Farm
07:53 Barracks
08:22 Town Hall
09:08 Castle
13:57 Scout Tower
13:59 Scout Tower
14:00 Scout Tower
14:37 Guard Tower
15:03 Guard Tower
15:19 Guard Tower
15:22 Farm
15:37 Scout Tower
15:39 Scout Tower
15:42 Scout Tower
16:03 Guard Tower
16:19 Guard Tower
16:57 Guard Tower
» items
| Scroll of Regeneration | 1 | |
| Scroll of Town Portal | 1 | |
| Orb of Fire | 1 | |
| Lesser Clarity Potion | 1 | |
4 total
wiifuk (
orange | 0 APM | 0 actions | 00:08)
team 2 (loser)

»
DaiDai (
blue | 117 APM | 2035 actions | 17:22)
4 Keeper of the Grove
2 Force of Nature
2 Entangling Roots
3 Priestess of the Moon
2 Trueshot Aura
1 Searing Arrows
2 Warden
1 Shadow Strike
1 Fan of Knives
» actions
| Assign group hotkey | 15 | |
| Build / train | 81 | |
| ESC pressed | 7 | |
| Enter build submenu | 14 | |
| Enter hero's abilities submenu | 9 | |
| Give item / drop item | 4 | |
| Right click | 1182 | |
| Select / deselect | 306 | |
| Select group hotkey | 346 | |
| Use ability | 71 | |
2035 total
» units
| Wisp | 19 | |
| Archer | 10 | |
| Goblin Shredder | 4 | |
| Druid of the Talon | 6 | |
| Faerie Dragon | 2 | |
41 total
» upgrades
| Druid of the Talon Training | 2 | |
| Improved Bows | 1 | |
| Marksmanship | 1 | |
| Well Spring | 1 | |
| Strength of the Moon | 1 | |
| Mark of the Talon | 1 | |
7 total
» buildings
| Altar of Elders | 1 | |
| Moon Well | 5 | |
| Ancient of War | 2 | |
| Ancient of Wonders | 1 | |
| Tree of Life | 2 | |
| Tree of Ages | 2 | |
| Ancient of Wind | 2 | |
| Tree of Eternity | 2 | |
| Hunter's Hall | 1 | |
18 total
» build order
00:18 Altar of Elders
00:32 Moon Well
00:53 Ancient of War
01:42 Moon Well
02:08 Ancient of War
02:27 Ancient of Wonders
04:23 Tree of Life
04:32 Tree of Life
04:35 Tree of Ages
04:50 Moon Well
06:07 Moon Well
07:31 Ancient of Wind
07:42 Ancient of Wind
08:57 Moon Well
08:58 Tree of Eternity
08:58 Tree of Eternity
11:33 Hunter's Hall
» items
| Lesser Clarity Potion | 11 | |
| Dust of Appearance | 1 | |
| Staff of Preservation | 1 | |
| Scroll of Town Portal | 1 | |
| Orb of Venom | 1 | |
15 total

»
LordHelmet (
yellow | 36 APM | 630 actions | 17:39)
3 Dreadlord
1 Carrion Swarm
2 Vampiric Aura
» actions
| Assign group hotkey | 19 | |
| Basic commands | 13 | |
| Build / train | 46 | |
| Enter build submenu | 10 | |
| Enter hero's abilities submenu | 3 | |
| Give item / drop item | 1 | |
| Right click | 282 | |
| Select / deselect | 187 | |
| Select group hotkey | 47 | |
| Use ability | 22 | |
630 total
» units
| Acolyte | 2 | |
| Ghoul | 15 | |
| Gargoyle | 10 | |
| Crypt Fiend | 3 | |
30 total
» upgrades
| Unholy Strength | 1 | |
| Creature Attack | 2 | |
| Creature Carapace | 2 | |
| Web | 1 | |
6 total
» buildings
| Altar of Darkness | 1 | |
| Ziggurat | 5 | |
| Crypt | 2 | |
| Tomb of Relics | 1 | |
| Graveyard | 1 | |
| Halls of the Dead | 1 | |
| Spirit Tower | 4 | |
15 total
» build order
00:07 Altar of Darkness
00:11 Ziggurat
00:34 Crypt
00:54 Tomb of Relics
01:09 Ziggurat
01:33 Graveyard
02:35 Ziggurat
03:03 Crypt
05:07 Halls of the Dead
05:23 Ziggurat
15:07 Ziggurat
15:10 Spirit Tower
15:11 Spirit Tower
15:13 Spirit Tower
15:14 Spirit Tower
» items

»
13est-kill (
red | 39 APM | 686 actions | 17:36)
3 Dreadlord
1 Sleep
2 Vampiric Aura
1 Lich
1 Frost Nova
» actions
| Build / train | 56 | |
| Enter build submenu | 17 | |
| Enter hero's abilities submenu | 4 | |
| Remove unit from queue | 6 | |
| Right click | 433 | |
| Select / deselect | 133 | |
| Use ability | 37 | |
686 total
» units
| Acolyte | 9 | |
| Ghoul | 3 | |
| Crypt Fiend | 19 | |
| Gargoyle | 2 | |
33 total
» upgrades
| Web | 1 | |
| Creature Attack | 1 | |
| Creature Carapace | 1 | |
3 total
» buildings
| Altar of Darkness | 1 | |
| Ziggurat | 8 | |
| Crypt | 1 | |
| Graveyard | 1 | |
| Tomb of Relics | 1 | |
| Halls of the Dead | 1 | |
| Black Citadel | 1 | |
| Nerubian Tower | 3 | |
| Sacrificial Pit | 1 | |
18 total
» build order
00:23 Altar of Darkness
00:25 Ziggurat
00:43 Crypt
01:20 Graveyard
01:27 Ziggurat
01:49 Tomb of Relics
03:16 Halls of the Dead
04:42 Ziggurat
04:46 Ziggurat
05:57 Black Citadel
07:51 Nerubian Tower
13:12 Sacrificial Pit
13:15 Ziggurat
13:16 Ziggurat
13:18 Ziggurat
13:21 Ziggurat
14:11 Nerubian Tower
14:15 Nerubian Tower
» items
| Potion of Healing | 2 | |
| Healing Salve | 1 | |
3 total
Uncle_Buck (
pink | 44 APM | 773 actions | 17:31)
3 Blademaster
1 Wind Walk
2 Critical Strike
1 Tauren Chieftain
1 War Stomp
1 Shadow Hunter
1 Healing Wave
» actions
| Assign group hotkey | 1 | |
| Basic commands | 17 | |
| Build / train | 59 | |
| Enter build submenu | 26 | |
| Enter hero's abilities submenu | 5 | |
| Give item / drop item | 1 | |
| Right click | 418 | |
| Select / deselect | 208 | |
| Use ability | 38 | |
773 total
» units
| Peon | 19 | |
| Grunt | 12 | |
| Tauren | 3 | |
| Troll Headhunter/Berserker | 3 | |
37 total
» upgrades
| Armor | 3 | |
| Melee Weapons | 1 | |
| Reinforced Defenses | 1 | |
| Pulverize | 1 | |
| Berserker Upgrade | 1 | |
7 total
» buildings
| Altar of Storms | 1 | |
| Orc Burrow | 4 | |
| War Mill | 1 | |
| Barracks | 1 | |
| Watch Tower | 12 | |
| Voodoo Lounge | 1 | |
| Stronghold | 1 | |
| Fortress | 1 | |
| Great Hall | 1 | |
| Tauren Totem | 1 | |
24 total
» build order
00:09 Altar of Storms
00:23 Orc Burrow
00:54 War Mill
01:32 Barracks
01:42 Orc Burrow
02:25 Watch Tower
02:40 Voodoo Lounge
03:43 Stronghold
04:07 Watch Tower
05:22 Orc Burrow
07:08 Orc Burrow
07:13 Watch Tower
07:17 Watch Tower
07:52 Fortress
08:23 Watch Tower
08:30 Watch Tower
08:35 Watch Tower
09:48 Great Hall
10:51 Watch Tower
11:05 Tauren Totem
12:08 Watch Tower
13:37 Watch Tower
14:46 Watch Tower
15:58 Watch Tower
» items
| Healing Salve | 2 | |
| Potion of Healing | 2 | |
| Orb of Lightning | 1 | |
5 total
Chat log
(00:03 / Allies) JdBp: haha
(00:05 / Allies) JdBp: manbearpig
(00:11 / Allies) JdBp: ..
(00:13 / All) DaiDai: gg
(00:16 / Allies) WesFSTGDB: wow wtf
(00:22 / All) DaiDai: how sad
(00:22 / Allies) WesFSTGDB: stay
(01:18 / All) DaiDai: 2 vs 4 ok lol
(01:39 / All) DaiDai: u can do it guys lol
(01:55 / Allies) JdBp: What a fag.
(01:59 / All) Uncle_Buck: it must be awefully hard work
(02:04 / All) WesFSTGDB: I've actually done it quite a few times, it's sad when I win lol
(02:14 / All) Uncle_Buck: i certainly wouldn't do it
(04:07 / All) WesFSTGDB: you're not too smart are you pink?
(04:33 / All) Uncle_Buck: i am but my mother dropped me too many times
(04:56 / Allies) WesFSTGDB: keep massing
(04:58 / Allies) WesFSTGDB: feeding orange
(05:00 / Allies) WesFSTGDB: and techign green
(05:00 / Allies) JdBp: I am.
(05:02 / Allies) JdBp: I know.
(05:07 / Allies) JdBp: I've played against you before.
(05:09 / Allies) JdBp: You feed.
(05:13 / Allies) WesFSTGDB: oh ok lol
(05:19 / Allies) WesFSTGDB: i feed when I bs
(05:21 / All) DaiDai: gogogo
(05:23 / Allies) WesFSTGDB: or lossbot
(05:45 / Allies) JdBp: yeah i watched a replay once of you
(05:49 / Allies) JdBp: you almost killed ur main
(05:53 / Allies) JdBp: then fed
(05:56 / Allies) WesFSTGDB: oh lol yeah
(06:01 / Allies) WesFSTGDB: was that the marcus horse one?
(06:09 / Allies) JdBp: cant recall
(07:27 / All) DaiDai: fun
(07:37 / Allies) WesFSTGDB: expo that please
(10:08 / Allies) WesFSTGDB: i nee dlumber bad
(10:51 / Allies) WesFSTGDB: out
(10:53 / Allies) WesFSTGDB: lumber green pelase
(11:08 / All) DaiDai: fun
(11:14 / Allies) JdBp: He's annoying.
(11:44 / Allies) JdBp: i went knights btw
(11:47 / Allies) JdBp: figured we needed melee
(11:47 / Allies) WesFSTGDB: good
(11:51 / Allies) WesFSTGDB: i just need the lust
(11:52 / Allies) WesFSTGDB: and it's over
(12:27 / Allies) WesFSTGDB: meet here asap
(12:35 / All) DaiDai: gg
(13:06 / Allies) WesFSTGDB: GO
(14:10 / All) DaiDai: this is so fun lol
(14:34 / Allies) WesFSTGDB: we rape him
(16:51 / All) WesFSTGDB: look
(16:53 / All) WesFSTGDB: at who you're playing
(16:55 / All) WesFSTGDB: before you try
(17:08 / All) WesFSTGDB: level 6 tc
(17:09 / All) WesFSTGDB: gg
(17:09 / All) DaiDai: team full of noobs lol
(17:15 / All) JdBp: like yourself?
(17:21 / All) DaiDai: lol im pro gg losers
(17:25 / Allies) JdBp: lmao
(17:35 / Allies) JdBp: gg teal
(17:38 / All) WesFSTGDB: wasn't this fun pink?